 Dungeon Crawl Stone Soup version 0.32-a0-560-g4c7f4391e0 (webtiles) character file.

Game seed: 17245772214275628619

14075 lunkers the Cleaver (level 12, -13/93 HPs)
             Began as a Coglin Gladiator on Feb 29, 2024.
             Was an Initiate of Gozag.
             Mangled by a freezing wraith (19 damage)
             ... on level 9 of the Dungeon.
             The game lasted 00:12:02 (9815 turns).

lunkers the Cleaver (Coglin Gladiator)              Turns: 9815, Time: 00:12:02

Health: -13/93     AC: 14    Str: 19    XL:     12   Next: 12%
Magic:  12/12      EV: 15    Int:  7    God:    Gozag
Gold:   2084       SH:  0    Dex: 17    Spells: 11/11 levels left

rFire   . . .        a - +1 war axe (heavy) {Mishil}
rCold   . . .        r - +4 whip (freeze) {Hwan}
rNeg    . . .        m - +0 ring mail
rPois   +            c - +0 helmet
rElec   .            x - +1 cloak {rPois}
rCorr   .            o - +0 pair of gloves
SInv    .            k - +2 pair of boots
Will    .....        (amulet unavailable)
Stlth   +            (ring unavailable)
HPRegen 0.35/turn    (ring unavailable)
MPRegen 0.13/turn    (no gizmo)

%: no passive effects
@: slowed, revving, very slow
A: off-hand wielding, slow wielding, warmup strikes, no jewelry
a: Invent Gizmo, Renounce Religion, Potion Petition, Call Merchant, Bribe Branch


You were on level 9 of the Dungeon.
You worshipped Gozag.
Gozag was most pleased with you.
You visited 1 branch of the dungeon, and saw 9 of its levels.
You also visited: Sewer.

You collected 2168 gold pieces.
You paid 84 gold pieces to Gozag.

Inventory:

Hand Weapons
 a - a +1 heavy war axe (weapon) {Mishil}
 r - a +4 whip of freezing (offhand) {Hwan}
Missiles
 d - 3 throwing nets
 e - 4 javelins
 A - 4 silver javelins
Armour
 c - a +0 helmet (worn)
 k - a +2 pair of boots (worn)
 m - a +0 ring mail (worn)
 o - a +0 pair of gloves (worn)
 x - a +1 cloak of poison resistance (worn)
Wands
 n - a wand of roots (55)
 p - a wand of polymorph (14)
 s - a wand of flame (44)
 y - a wand of mindburst (20)
Scrolls
 g - a scroll of teleportation
 h - a scroll of poison
 l - a scroll of immolation
 C - a scroll of blinking
 D - a scroll of revelation
 E - a scroll of vulnerability {unknown}
Potions
 b - 5 potions of haste
 f - 2 potions of mutation {unknown}
 i - 5 potions of heal wounds
 j - 3 potions of lignification
 q - 6 potions of enlightenment
 t - 5 potions of curing
 u - 2 potions of might
 v - a potion of cancellation
 w - 2 potions of brilliance
 z - a potion of invisibility
 B - a potion of magic


   Skills:
 + Level 8.2 Fighting
 * Level 11.2(11.8) Axes
 - Level 5.2(8.4) Maces & Flails
 - Level 1.7 Throwing
 + Level 7.2 Armour
 + Level 7.7 Dodging
 - Level 8.0 Evocations


You had 11 spell levels left.
You didn't know any spells.
Your spell library contained the following spells:

 Spells                   Type           Power      Damage    Failure   Level
 Kiss of Death            Conj/Necr      0%         2d5       58%         1
 Confusing Touch          Hex            0%         N/A       92%         3
 Inner Flame              Hex/Fire       0%         N/A       92%         3
 Volatile Blastmotes      Fire/Tloc      0%         2d10      92%         3
 Dispel Undead            Necr           0%         3d6       100%        4
 Fulminant Prism          Conj/Alch      0%         3d5       100%        4
 Iskenderun's Mystic Bla  Conj/Tloc      0%         2d3       100%        4
 Irradiate                Conj/Alch      0%         3d11      100%        5
 Ignition                 Fire           0%         3d3       100%        8


Dungeon Overview and Level Annotations

Branches:
Dungeon (9/15)             Temple (0/1) D:7            Lair (0/5) D:8
  Sewer (visited)
    Orc: D:9-12

Altars:
Cheibriados
Gozag
Hepliaklqana
Kikubaaqudgha
Qazlal
Uskayaw
Vehumet
Wu Jian
Yredelemnul
Zin

Annotations:
D:8 3 runed translucent doors, jasper's ghost, novice MfSh
D:9 1 runed translucent door, BubbleThief's ghost, journeyman GrEE


Innate Abilities, Weirdness & Mutations

You can wield a second weapon in your off-hand.
It takes a long time for you to wield or remove held weapons.
Your first few attacks do less damage.
You cannot equip rings or amulets.


Message History

The freezing wraith hits you!
* * * LOW HITPOINT WARNING * * *
The freezing wraith hits you but does no damage.
The freezing wraith hits you!
* * * LOW HITPOINT WARNING * * *
The freezing wraith drains your vigour!
You feel as though you will be slow longer.
Press: ? - help, v - describe, . - travel
Here: a freezing wraith The floor.
Aiming: Throw Flame
Press: ? - help, Shift-Dir - straight line, f - freezing wraith
Aim: a freezing wraith (76% to hit)
The puff of flame hits the freezing wraith.
The freezing wraith is burned terribly!
The freezing wraith is lightly damaged.
The freezing wraith misses you. The freezing wraith barely misses you.
Aiming: Throw Flame
Press: ? - help, Shift-Dir - straight line, f/p - freezing wraith
Aim: a freezing wraith (lightly damaged, 76% to hit)
The puff of flame hits the freezing wraith!
The freezing wraith is burned terribly!
The freezing wraith is heavily damaged.
The freezing wraith hits you.
* * * LOW HITPOINT WARNING * * *
The freezing wraith freezes you!!
* * * LOW HITPOINT WARNING * * *
The freezing wraith misses you. The freezing wraith barely misses you.
The freezing wraith hits you but does no damage.
Aiming: Throw Flame
Press: ? - help, Shift-Dir - straight line, f/p - freezing wraith
Aim: a freezing wraith (heavily damaged, 76% to hit)
The puff of flame hits the freezing wraith!
The freezing wraith is burned terribly!
The freezing wraith is severely damaged.
The freezing wraith hits you!
* * * LOW HITPOINT WARNING * * *
The freezing wraith freezes you!!
You die...
Your body crumbles into a pile of gold.

###### ##....
##...##
##.###.....#
......W@..#
##[#####.## #.#
#.# #.# #.# ...
##'## #.# ##(..##
##.# ##.....#
##..# ##......#
##...####......##
####


You could see a freezing wraith.

Vanquished Creatures
  A boulder beetle (D:9)
  A centaur warrior (D:9)
  Pikel (D:6)
  A deep elf pyromancer (D:9)
  A cyclops (D:9)
  Maurice (D:7)
  A moth of wrath (shapeshifter) (D:9)
  A cane toad (shapeshifter) (D:9)
  A kobold demonologist (D:7)
  An unseen horror zombie (D:8)
  A hornet (D:8)
  Prince Ribbit (D:7)
  31 yaks
  A wraith (D:9)
  2 steam dragons
  Edmund (D:6)
  Menkaure (D:7)
  An acid dragon (D:8)
  Duvessa (D:6)
  3 water moccasins
  An orc warrior (D:9)
  2 ice beasts (D:5)
  2 ogres
  4 sky beasts
  A black bear (D:5)
  4 centaurs
  A phantom (D:6)
  2 lemures (D:6)
  3 kobold brigands (D:9)
  2 bullfrogs
  3 wyvern zombies (D:8)
  3 scorpions
  Dowan (D:6)
  12 wights
  A burial acolyte (D:8)
  A killer bee (D:9)
  An electric eel (D:8)
  4 howler monkeys
  A centaur zombie (D:8)
  3 jellies
  Crazy Yiuf (D:7)
  A bombardier beetle (D:3)
  2 hounds
  A human zombie (D:8)
  2 centaur skeletons (D:8)
  2 gnoll boudas
  An orc priest (D:8)
  5 sleepcaps
  5 iguanas
  Natasha (thrice) (D:4)
  9 orc wizards
  15 gnolls
  10 adders
  A shadow imp (D:7)
  A white imp (D:7)
  2 dart slugs
  5 ribbon worms
  22 orcs
  3 bats
  9 endoplasms
  3 giant cockroaches
  4 goblins
  3 hobgoblins
  4 jackals
  12 kobolds
  9 quokkas
  9 ball pythons
  4 frilled lizards
  6 rats
  A spectral orc (D:7)
260 creatures vanquished.

Notes
Turn   | Place    | Note
-------+----------+-------------------------------------------
     0 | D:1      | lunkers the Coglin Gladiator began the quest for the Orb.
     0 | D:1      | Reached XP level 1. HP: 16/16 MP: 1/1
   173 | D:1      | Reached XP level 2. HP: 20/22 MP: 2/2
   480 | D:1      | Reached skill level 4 in Axes
   698 | D:2      | Reached XP level 3. HP: 22/27 MP: 3/3
  1409 | D:3      | Reached XP level 4. HP: 20/33 MP: 4/4
  1411 | D:3      | Reached skill level 5 in Axes
  1661 | D:3      | Reached XP level 5. HP: 33/38 MP: 5/5
  1709 | D:3      | Found a glowing silver altar of Zin.
  1976 | D:3      | Found a glowing drain.
  1994 | Sewer    | Entered a sewer
  2062 | Sewer    | Reached skill level 6 in Axes
  2527 | D:4      | Reached XP level 6. HP: 43/44 MP: 6/6
  2668 | D:4      | Reached skill level 7 in Axes
  2787 | D:4      | Found a stormy altar of Qazlal.
  2787 | D:4      | Noticed a sky beast
  2789 | D:4      | Noticed Natasha
  2796 | D:4      | Killed a sky beast
  2797 | D:4      | Killed Natasha
  2798 | D:4      | Reached XP level 7. HP: 31/50 MP: 7/7
  2880 | D:4      | Found a hide-covered altar of Uskayaw.
  2881 | D:4      | Found a radiant altar of Vehumet.
  2929 | D:4      | Noticed Natasha
  2936 | D:4      | Killed Natasha
  2998 | D:4      | Reached skill level 8 in Axes
  3047 | D:4      | Found a hazy altar of Hepliaklqana.
  3047 | D:4      | Noticed Natasha
  3059 | D:4      | Killed Natasha
  3335 | D:5      | Entered Level 5 of the Dungeon
  3364 | D:5      | Found an opulent altar of Gozag.
  3491 | D:5      | Became a worshipper of Gozag Ym Sagoz the Greedy
  3597 | D:5      | Reached skill level 9 in Axes
  3599 | D:5      | Reached XP level 8. HP: 46/56 MP: 8/8
  4033 | D:5      | Reached skill level 10 in Axes
  4391 | D:6      | Reached skill level 1 in Evocations
  4400 | D:6      | Reached skill level 1 in Armour
  4457 | D:6      | Reached skill level 1 in Maces & Flails
  4570 | D:6      | Reached XP level 9. HP: 41/63 MP: 9/9
  4718 | D:6      | Noticed Dowan
  4719 | D:6      | Noticed Duvessa
  4725 | D:6      | Killed Dowan
  4731 | D:6      | Killed Duvessa
  4978 | D:6      | Noticed Edmund
  4986 | D:6      | Killed Edmund
  5123 | D:6      | Noticed Pikel
  5134 | D:6      | Killed Pikel
  5682 | D:7      | Noticed a kobold demonologist
  5686 | D:7      | Killed a kobold demonologist
  5687 | D:7      | Reached skill level 5 in Evocations
  5751 | D:7      | Noticed Menkaure
  5755 | D:7      | Killed Menkaure
  5756 | D:7      | Reached XP level 10. HP: 73/73 MP: 10/10
  5775 | D:7      | Found a staircase to the Ecumenical Temple.
  5874 | D:7      | Reached skill level 5 in Dodging
  5929 | D:7      | Reached skill level 5 in Fighting
  6001 | D:7      | Found a snail-covered altar of Cheibriados.
  6077 | D:7      | Noticed Prince Ribbit
  6082 | D:7      | Killed Prince Ribbit
  6095 | D:7      | Noticed Maurice
  6100 | D:7      | Maurice stole 4 silver javelins
  6102 | D:7      | Maurice stole a +0 hand axe {Anan}
  6104 | D:7      | Killed Maurice
  6230 | D:7      | Found a basalt altar of Yredelemnul.
  6354 | D:7      | Found a runed translucent door.
  6355 | D:7      | Noticed Crazy Yiuf
  6508 | D:7      | Killed Crazy Yiuf
  6781 | D:8      | Found a staircase to the Lair.
  6942 | D:8      | Found an ancient bone altar of Kikubaaqudgha.
  6954 | D:8      | Reached skill level 5 in Armour
  6969 | D:8      | Reached skill level 5 in Maces & Flails
  7340 | D:8      | Reached XP level 11. HP: 71/81 MP: 11/11
  7627 | D:8      | Found a runed translucent gate.
  7627 | D:8      | Found a runed translucent gate.
  7825 | D:8      | Found a runed translucent gate.
  7862 | D:8      | Found an ornate altar of the Wu Jian Council.
  8336 | D:8      | Noticed jasper's ghost (novice MfSh)
  8837 | D:9      | Found a runed translucent door.
  8842 | D:9      | Noticed BubbleThief's ghost (journeyman GrEE)
  8842 | D:9      | Identified the +6 trident of the Unstoppable Allies {venom,
                  | rF+++ rC- rCorr Str-2}
  9074 | D:9      | Identified the amulet of the Firefly {Acrobat Regen+ Int+5}
  9199 | D:9      | Noticed a moth of wrath
  9205 | D:9      | Killed a moth of wrath
  9225 | D:9      | Noticed a deep elf pyromancer
  9227 | D:9      | Noticed a centaur warrior
  9228 | D:9      | Killed a deep elf pyromancer
  9236 | D:9      | Killed a centaur warrior
  9298 | D:9      | Reached skill level 11 in Axes
  9298 | D:9      | Reached XP level 12. HP: 46/92 MP: 12/12
  9383 | D:9      | Noticed a boulder beetle
  9408 | D:9      | Killed a boulder beetle
  9815 | D:9      | Mangled by a freezing wraith

Illustrated notes

Levels and vault maps discovered:
D:1:      dpeg_arrival_arbitrary_b, layout_loops_cross, minmay_cut_off
D:2:      layout_loops_ring
D:3:      layout_basic, mainiacjoe_overflow_boulevard, portal_sewer_entry_f
D:4:      minmay_diamond_boxcup, layout_basic, mainiacjoe_overflow_divided_tiny,
          nicolae_qazlal_beasts_of_the_sky, lemuel_tele_altar, uniq_natasha
D:5:      layout_loops_ring, nicolae_gozag_cash_rules_everything_around_me
D:6:      layout_basic, uniq_edmund, uniq_duvessa, uniq_pikel
D:7:      layout_rooms, yredelemnul_forgotten_temple_becter,
          cheibrodos_worm_habitat, minmay_temple_entry_ruins, uniq_maurice,
          uniq_prince_ribbit1, uniq_menkaure, uniq_crazy_yiuf_cottage
D:8:      argonaut_augean_stables, layout_rooms, nzn_wu_jian_council_hall,
          lemuel_mausoleum_altar_kikubaaqudgha, dpeg_oklobed_lair,
          gammafunk_ghost_spectres
D:9:      minmay_the_grid_3x2 [minmay_the_grid_outer_diamond,
          minmay_the_grid_gridbox, minmay_the_grid_expand, minmay_the_grid_fan,
          minmay_the_grid_holed_spiral, minmay_the_grid_prize_inner_circle],
          layout_loops_corners, ebering_ghost_funeral_grove

Skill      XL: |  1  2  3  4  5  6  7  8  9 10 11 |
---------------+----------------------------------+-----
Axes           | 4 5 6 7 9 10 11 | 11.2
Evocations     | 2 5 7 8 |  8.0
Armour         | 2 3 5 7 |  7.2
Dodging        | 3 4 6 7 |  7.7
Maces & Flails | 1 3 5 |  5.2
Fighting       | 3 4 6 8 |  8.2
Throwing       | |  1.7

Action                     |  1- 3 |  4- 6 |  7- 9 | 10-12 || total
---------------------------+-------+-------+-------+-------++-------
  Melee: War axe           |    87 |   117 |   159 |   251 ||   614
         Whip              |    29 |    10 |   135 |   230 ||   404
         Hand axe          |       |   101 |    13 |       ||   114
  Evoke: Wand              |       |       |       |     4 ||     4
    Use: Scroll            |     3 |     8 |     8 |     3 ||    22
         Potion            |       |       |       |     1 ||     1
   Stab: Sleeping          |     1 |       |       |       ||     1
         Distracted        |       |       |       |     1 ||     1
 Armour: Leather armour    |    41 |       |       |       ||    41
         Ring mail         |    21 |    82 |   134 |   212 ||   449
  Dodge: Dodged            |    55 |    52 |    66 |   210 ||   383

Table legend: (Time is in decaauts)
 A = Elapsed time spent in this place.
 B = Non-inter-level travel time spent in this place.
 C = Inter-level travel time spent in this place.
 D = Time resting spent in this place.
 E = Time spent auto-exploring this place.
 F = Levels seen in this place.
 G = Mean time per level.
                   A        B        C        D        E       F      G
               +--------+--------+--------+--------+--------+-----+--------+
         Total |   9989 |   9738 |    251 |    268 |   7848 |  10 |  998.9 |
       Dungeon |   9510 |   9259 |    251 |    268 |   7500 |   9 | 1056.7 |
         Sewer |    478 |    478 |      0 |      0 |    347 |   1 |  478.0 |
               +--------+--------+--------+--------+--------+-----+--------+

Top non-repeatable levels by time:
     D:8: 1668 daAuts
     D:9: 1476 daAuts
     D:6: 1382 daAuts
     D:7: 1046 daAuts
     D:5: 970 daAuts
     D:4: 834 daAuts
     D:3: 711 daAuts
     D:1: 711 daAuts
     D:2: 709 daAuts
   Sewer: 478 daAuts
